 Dungeon Crawl Stone Soup version 0.27-a0-1217-g8a41f320e8 (webtiles) character file.

Game seed: 11387615051904726565

135578 jasper the Demonic Aeon (level 16, 0/190 HPs)
             Began as a Demonspawn Hedge Wizard on June 5, 2021.
             Was the Champion of Cheibriados.
             Slain by a wolf spider (16 damage)
             ... on level 1 of the Spider Nest.
             The game lasted 00:51:22 (29163 turns).

jasper the Demonic Aeon (Demonspawn Hedge Wizard)  Turns: 29163, Time: 00:51:23

Health: 0/190      AC: 28    Str: 42    XL:     16   Next: 35%
Magic:  30/32      EV: 13    Int: 41    God:    Cheibriados [******]
Gold:   1207       SH:  0    Dex: 27    Spells: 6/39 levels left

rFire    + + .     SeeInvis .     - Unarmed
rCold    . . .     Faith    .   (shield currently unavailable)
rNeg     + . .     Spirit   .   (armour currently unavailable)
rPois    +         Reflect  .   (helmet currently unavailable)
rElec    .         Harm     .   (cloak currently unavailable)
rCorr    .         Rampage  .   (gloves currently unavailable)
Will     +....                  (boots currently unavailable)
Stlth    ++........             b - amulet "Yluoruqy" {RegenMP rN+ Int+5 Slay+3 Stlth-}
HPRegen  4.41/turn              K - ring "Isiplaf" {Str+6 Slay+4}
MPRegen  0.48/turn              k - ring of protection from cold

@: lethally poisoned (0 -> -52), dragon-form, sanguine armoured, flying, slowed,
very slow
A: dragon claw, dragon scales, breathe fire, flying, boosted hp, giant, (horns
1), powered by death 2, augmentation 1, sanguine armour 3, demonic magic 2,
clumsy 1
}: 1/15 runes: abyssal
a: Breathe Fire, End Transformation, Renounce Religion, Bend Time, Temporal
Distortion, Slouch, Step From Time


You were on level 1 of the Spider Nest.
You worshipped Cheibriados.
Cheibriados was exalted by your worship.
You were a fearsome dragon!
You visited 4 branches of the dungeon, and saw 24 of its levels.
You visited the Abyss 1 time.
You also visited: Ice Cave.

You collected 2527 gold pieces.
You spent 1320 gold pieces at shops.

Inventory:

Hand Weapons
 e - a +6 short sword of electrocution (melded)
Missiles
 h - 4 throwing nets
 m - 509 stones
 n - 115 sling bullets
 J - 2 curare-tipped darts
Armour
 c - a +0 hat (melded)
 r - a +3 buckler (melded)
 t - a +2 cloak of poison resistance (melded)
 z - a +0 pair of boots (melded)
 A - a +0 pair of gloves (melded)
 G - a +3 troll leather armour (melded)
Jewellery
 b - the amulet "Yluoruqy" (around neck) {RegenMP rN+ Int+5 Slay+3 Stlth-}
   (You acquired it on level 2 of the Orcish Mines)

   [amulet of magic regeneration]

   It increases your rate of magic regeneration.
   It affects your intelligence (+5).
   It affects your accuracy and damage with ranged weapons and melee attacks
   (+3).
   It protects you from negative energy.
   It makes you less stealthy.
 j - a ring of magical power
 k - a ring of protection from cold (right foreclaw)
 o - a ring of ice
 s - a ring of see invisible
 w - a ring of magical power
 H - a ring of protection from cold
 K - the ring "Isiplaf" (left foreclaw) {Str+6 Slay+4}
   (You took it off Sonja on level 10 of the Dungeon)

   [ring of strength]

   It affects your strength (+6).
   It affects your accuracy and damage with ranged weapons and melee attacks
   (+4).
 L - a +4 ring of protection
 M - a ring of wizardry
Wands
 a - a wand of acid (20)
 d - a wand of iceblast (22)
 O - a wand of flame (81)
 U - a wand of mindburst (12)
 V - a wand of digging (7)
 Y - a wand of polymorph (15)
 Z - a wand of paralysis (10)
Scrolls
 f - 3 scrolls of magic mapping
 p - 2 scrolls of fear
 q - 10 scrolls of teleportation
 y - 4 scrolls of amnesia
 D - 7 scrolls of identify
 E - 4 scrolls of blinking
 I - 2 scrolls of vulnerability
 N - a scroll of brand weapon
 P - 2 scrolls of enchant weapon
 S - 5 scrolls of fog
Potions
 g - 5 potions of brilliance
 i - 2 potions of cancellation
 l - 7 potions of flight
 u - a potion of ambrosia {unknown}
 v - 5 potions of berserk rage
 x - 3 potions of haste
 B - 4 potions of degeneration
 C - 17 potions of curing
 F - 5 potions of attraction
 Q - 4 potions of might
 T - a potion of lignification
 W - a potion of heal wounds
 X - a potion of resistance


   Skills:
 * Level 11.9 Fighting
 + Level 9.7 Dodging
 - Level 1.7 Stealth
 - Level 4.0 Shields
 * Level 10.4 Unarmed Combat
 - Level 12.0 Spellcasting
 - Level 6.0 Conjurations
 - Level 1.0 Summonings
 - Level 0.8 Translocations
 - Level 12.0 Transmutations
 - Level 5.3 Fire Magic
 - Level 5.3 Air Magic
 - Level 12.0 Invocations


You had 6 spell levels left.
You knew the following spells:

 Your Spells              Type           Power      Damage    Failure   Level
a - Magic Dart            Conj           100%       1d8       1%          1
b - Call Imp              Summ           32%        N/A       1%          2
c - Blink                 Tloc           N/A        N/A       1%          2
d - Slow                  Hex            24%        N/A       1%          2
e - Conjure Flame         Conj/Fire      63%        6-21      1%          3
f - Apportation           Tloc           62%        N/A       1%          1
g - Animate Skeleton      Necr           48%        N/A       1%          1
h - Mephitic Cloud        Conj/Pois/Air  54%        N/A       1%          3
i - Static Discharge      Conj/Air       63%        N/A       1%          2
j - Airstrike             Air            31%        N/A       1%          4
k - Fireball              Conj/Fire      31%        3d13      3%          5
l - Dragon Form           Tmut           44%        N/A       9%          7

Your spell library contained the following spells:

 Spells                   Type           Power      Damage    Failure   Level
 Corona                   Hex            26%        N/A       1%          1
 Foxfire                  Conj/Fire      100%       2x1d9     1%          1
 Pain                     Necr           96%        1d8       1%          1
 Shock                    Conj/Air       100%       1d9       1%          1
 Summon Small Mammal      Summ           100%       N/A       1%          1
 Ensorcelled Hibernation  Hex/Ice        48%        N/A       1%          2
 Poisonous Vapours        Pois/Air       92%        N/A       1%          2
 Dazzling Flash           Conj/Hex       98%        N/A       1%          3
 Inner Flame              Hex/Fire       46%        N/A       1%          3
 Spider Form              Tmut/Pois      32%        N/A       1%          3
 Swiftness                Air            62%        N/A       1%          3
 Sticky Flame             Conj/Fire      63%        2d8       1%          4
 Irradiate                Conj/Tmut      39%        3d26      1%          5
 Blade Hands              Tmut           44%        N/A       1%          6
 Gell's Gravitas          Tloc           15%        N/A       2%          3
 Lesser Beckoning         Tloc           15%        N/A       2%          3
 Teleport Other           Tloc           31%        N/A       2%          3
 Alistair's Intoxication  Tmut/Pois      43%        N/A       3%          5
 Lightning Bolt           Conj/Air       31%        1d48      3%          5
 Confusing Touch          Hex            24%        N/A       4%          3
 Tukima's Dance           Hex            24%        N/A       4%          3
 Vampiric Draining        Necr           12%        2d7       4%          3
 Animate Dead             Necr           12%        N/A       13%         4
 Eringya's Noxious Bog    Tmut/Pois      32%        N/A       17%         6
 Statue Form              Tmut/Erth      43%        N/A       17%         6
 Manifold Assault         Tloc           31%        N/A       26%         5
 Agony                    Necr           24%        N/A       36%         5


Dungeon Overview and Level Annotations

Branches:
Dungeon (15/15)            Temple (0/1) D:6            Lair (6/6) D:9
  Swamp (0/4) Lair:4       Spider (1/4) Lair:3        Slime (0/5) Lair:5
    Orc (2/2) D:9             Elf (0/3) Orc:2        Vaults (0/5) D:14
 Depths (0/5) D:15          IceCv (visited)

Altars:
Cheibriados
Dithmenos
Kikubaaqudgha
Makhleb
Qazlal
Sif Muna
Trog
Vehumet
Wu Jian
Yredelemnul
Zin
The Shining One
Beogh
Jiyva

Shops:
D:11 !   D:12 [   Orc:1 (?!   Orc:2 !?[=[

Annotations:
D:7 exclusion: statue
D:14 1 runed translucent door
Lair:5 1 runed translucent door
Lair:6 exclusion: 2 oklob plants


Innate Abilities, Weirdness & Mutations

You are a fearsome dragon!
You have a powerful clawing attack.
Your giant scaled body is strong and resiliant, but less evasive.
You can breathe fire.
You are flying.
Your maximum health is greatly increased.
Your armour is entirely melded.
You are incapable of wielding weapons or throwing items.
((You have a pair of small horns on your head.))
You regenerate health from kills.
Your magical and physical power is slightly enhanced at high health.
When seriously injured, your bleeding wounds create very thick armour. (AC +12)
Spells you cast may paralyse nearby enemies.
You are clumsy. (Dex -2)


Message History

The redback barely misses you. The redback bites you.
* * * LOW HITPOINT WARNING * * *
The demonic crawler hits you but does no damage. x2
The demonic crawler closely misses you.
The redback bites you but does no damage.
The jumping spider leaps!
The hornet completely misses you.
The redback bites you but does no damage.
The jumping spider leaps!
You take 14 damage, and have 52/190 hp.
You feel extremely sick. The redback bites you.
* * * LOW HITPOINT WARNING * * *
You are more poisoned.
The redback poisons you!
The tarantella bites you but does no damage.
The redback closely misses you. The redback bites you.
* * * LOW HITPOINT WARNING * * *
You are lethally poisoned!
The redback poisons you!
The jumping spider pounces on you but does no damage.
The jumping spider bites you but does no damage.
The jumping spider leaps!
The redback bites you but does no damage.
The wolf spider hits you!
* * * LOW HITPOINT WARNING * * *
The wolf spider bites you but does no damage.
The redback misses you.
The jumping spider leaps!
The jumping spider pounces on you!
* * * LOW HITPOINT WARNING * * *
The jumping spider bites you but does no damage.
The redback barely misses you.
The jumping spider leaps!
The redback bites you but does no damage.
The jumping spider leaps!
The wolf spider barely misses you. The wolf spider bites you!
* * * LOW HITPOINT WARNING * * *
The redback bites you but does no damage.
The jumping spider leaps!
The redback bites you but does no damage.
The redback closely misses you. The wolf spider hits you!
You die...

.. ...... #.
##.....s.. .#..
.....#...s#..#..
#...#..○. °..^.#
#.○...ss#.)....
.#....sw#.......
....ss#sys#○.#
#.....sssss.#
.##..sssD##....
......ss## .
#...##... ...
..#.#. .#
..#.#..s ..#. .
. #s . . .. . .s
#. .. .. #.


You could see a torpor snail, a demonic crawler, a wolf spider, a hornet, 6
jumping spiders, a tarantella and 8 redbacks.

Vanquished Creatures
  A juggernaut (Abyss:3)
  Jorgrun (D:12)
  Agnes (D:14)
  Roxanne (D:14)
  An orc warlord (Orc:2)
  An angel (Abyss:3)
  A stone giant (D:15)
  2 ophanim (Abyss:3)
  Snorg (Orc:1)
  Josephine (Lair:6)
  Harold (D:11)
  Erolcha (Orc:2)
  3 boulder beetles
  An ogre mage (Orc:2)
  9 hydras
  A catoblepas (D:14)
  4 vault guards (D:14)
  Erica (D:9)
  2 death knights
  A centaur warrior (D:14)
  8 two-headed ogres
  2 dancing weapons (Abyss:3)
  4 death yaks (Lair:5)
  2 orc high priests
  A tengu warrior (D:10)
  Urug (D:13)
  2 wretched stars
  Sonja (D:10)
  Nergalle (Orc:2)
  A skeletal warrior (D:15)
  2 cherubim (Abyss:3)
  Pikel (D:6)
  A phantasmal warrior (D:15)
  A wizard (D:14)
  2 orc knights
  8 orc sorcerers (Orc:2)
  An oklob plant (Lair:2)
  A deep elf pyromancer (D:13)
  9 cyclopes
  A wolf spider (Spider:1)
  20 ugly things
  A manticore (D:14)
  11 elephants
  Maurice (Orc:1)
  6 black mambas
  An orange demon (Abyss:2)
  2 gargoyles
  13 cane toads
  An efreet (D:15)
  3 rime drakes
  14 komodo dragons
  2 unseen horrors
  A kobold demonologist (Abyss:3)
  5 yaktaurs (D:15)
  2 tengu conjurers (D:13)
  2 freezing wraiths
  8 polar bears
  6 trolls
  A tyrant leech (Lair:4)
  4 hornets
  10 blink frogs
  2 dream sheep (Lair:6)
  4 slime creatures
  A raiju (Abyss:2)
  Prince Ribbit (D:8)
  5 redbacks (Spider:1)
  A tarantella (shapeshifter) (D:15)
  5 starcursed masses (Abyss:2)
  A vampire (D:10)
  30 yaks
  13 spriggans (Lair:6)
  A shadow (D:11)
  9 wraiths
  A hog (shapeshifter) (D:15)
  7 wyverns
  A large abomination (Abyss:3)
  Grum (D:10)
  3 steam dragons
  5 basilisks
  A neqoxec (Abyss:2)
  5 wargs
  2 vampire mosquitoes
  A swamp worm (Lair:4)
  A swamp worm (shapeshifter) (D:10)
  An acid dragon (D:14)
  12 water moccasins
  27 orc warriors
  9 black bears
  14 ice beasts
  2 sky beasts (D:5)
  5 ogres
  56 wolves
  5 boggarts (Lair:6)
  A small abomination (Abyss:2)
  15 centaurs
  A lemure (D:6)
  A phantom (D:7)
  4 kobold brigands
  11 bullfrogs
  A gnoll sergeant (D:6)
  A wyvern zombie (D:8)
  A scorpion (D:4)
  2 killer bees (D:9)
  18 wights
  8 howler monkeys
  An electric eel (D:8)
  A jelly (D:5)
  A bullfrog zombie (D:5)
  5 centaur zombies
  2 hounds
  A gnoll shaman (D:9)
  9 orc priests
  6 iguanas
  2 bullfrog skeletons
  4 hell rats (Lair:4)
  40 orc wizards
  A killer bee zombie (D:9)
  2 howler monkey zombies
  10 gnolls
  7 adders
  2 howler monkey skeletons
  2 shadow imps
  3 white imps
  2 ufetubi
  A worm (D:2)
  4 dart slugs
  69 orcs
  8 ball pythons
  6 bats
  6 endoplasms
  5 giant cockroaches
  29 goblins
  27 hobgoblins
  A jackal (D:3)
  20 kobolds
  5 quokkas
  2 frilled lizards
  3 rats
782 creatures vanquished.

Vanquished Creatures (collateral kills)
  Crazy Yiuf (D:2)
  A hound (D:4)
  An orc priest (D:3)
  An orc wizard (D:3)
  An adder (D:3)
  A gnoll (D:1)
  An orc (D:3)
  An endoplasm (D:1)
  A jackal (D:3)
  3 goblins
  A kobold (D:1)
13 creatures vanquished.

Vanquished Creatures (others)
  A bullfrog (D:9)
  26 fungi
  A lurking horror (Abyss:3)
  134 plants
162 creatures vanquished.

Grand Total: 957 creatures vanquished

Notes
Turn   | Place    | Note
-------+----------+-------------------------------------------
     0 | D:1      | jasper the Demonspawn Hedge Wizard began the quest for the
                  | Orb.
     0 | D:1      | Reached XP level 1. HP: 13/13 MP: 4/4
   123 | D:1      | Gained mutation: When seriously injured, your bleeding
                  | wounds create armour. (AC +12) [demonic ancestry]
   123 | D:1      | Reached XP level 2. HP: 7/19 MP: 0/6
   126 | D:1      | Learned a level 2 spell: Call Imp
   129 | D:1      | Learned a level 2 spell: Blink
   132 | D:1      | Learned a level 2 spell: Slow
   804 | D:1      | Gained mutation: You regenerate a little health from kills.
                  | [demonic ancestry]
   804 | D:1      | Reached XP level 3. HP: 8/24 MP: 1/8
   915 | D:1      | Learned a level 3 spell: Conjure Flame
  2053 | D:2      | Reached skill level 1 in Shields
  2093 | D:2      | You fall into a shaft and drop 2 floors!
  2095 | D:4      | Noticed a scorpion
  2111 | D:4      | Reached XP level 4. HP: 23/30 MP: 1/10
  2112 | D:4      | Killed a scorpion
  2430 | D:3      | Reached XP level 5. HP: 35/35 MP: 5/11
  2613 | D:3      | Found a basalt altar of Yredelemnul.
  2771 | D:3      | Found a faded altar of an unknown god.
  3243 | D:2      | Found a runed translucent door.
  3244 | D:2      | Noticed Crazy Yiuf
  3290 | D:2      | Killed Crazy Yiuf
  3620 | D:3      | Found a shadowy altar of Dithmenos.
  3620 | D:3      | Found a snail-covered altar of Cheibriados.
  3702 | D:3      | Became a worshipper of Cheibriados the Contemplative
  3944 | D:3      | Learned a level 1 spell: Apportation
  3946 | D:3      | Learned a level 1 spell: Animate Skeleton
  4776 | D:5      | Entered Level 5 of the Dungeon
  5002 | D:5      | Found an ornate altar of the Wu Jian Council.
  5059 | D:5      | Reached skill level 1 in Invocations
  5059 | D:5      | Gained mutation: You have a pair of small horns on your
                  | head. [demonic ancestry]
  5059 | D:5      | Reached XP level 6. HP: 37/41 MP: 11/12
  5245 | D:5      | Reached * piety under Cheibriados
  5417 | D:5      | Reached skill level 5 in Spellcasting
  5726 | D:5      | Learned a level 3 spell: Mephitic Cloud
  5818 | D:5      | Gained mutation: You regenerate health from kills. [demonic
                  | ancestry]
  5818 | D:5      | Reached XP level 7. HP: 39/46 MP: 14/14
  5818 | D:5      | Reached ** piety under Cheibriados
  6145 | D:5      | Reached *** piety under Cheibriados
  6597 | D:5      | Reached skill level 5 in Invocations
  6917 | D:6      | Noticed Pikel
  7223 | D:6      | Noticed a two-headed ogre
  7262 | D:6      | Killed a two-headed ogre
  7263 | D:6      | Reached XP level 8. HP: 23/52 MP: 1/18
  7417 | D:6      | Found a staircase to the Ecumenical Temple.
  7735 | D:6      | Reached **** piety under Cheibriados
  7751 | D:6      | Killed Pikel
  7752 | D:6      | Gained mutation: Spells you cast may paralyse adjacent
                  | enemies. [demonic ancestry]
  7752 | D:6      | Reached XP level 9. HP: 40/57 MP: 17/21
  7941 | D:6      | Learned a level 2 spell: Static Discharge
  7946 | D:6      | Learned a level 4 spell: Airstrike
  8409 | D:7      | Reached skill level 10 in Invocations
  8969 | D:7      | Noticed a cyclops
  9002 | D:7      | Killed a cyclops
  9195 | D:7      | Identified Orat's Almanac of Envenoming
  9203 | D:7      | Learned a level 5 spell: Fireball
  9266 | D:7      | Found a shimmering blue altar of Sif Muna.
  9337 | D:7      | Found a radiant altar of Vehumet.
  9486 | D:8      | Noticed a two-headed ogre
  9499 | D:8      | Killed a two-headed ogre
  9500 | D:8      | Gained mutation: When seriously injured, your bleeding
                  | wounds create thick armour. (AC +12) [demonic ancestry]
  9500 | D:8      | Reached XP level 10. HP: 10/63 MP: 6/23
  9918 | D:8      | Reached skill level 10 in Spellcasting
  9961 | D:8      | Reached ***** piety under Cheibriados
  9991 | D:8      | Noticed Prince Ribbit
 10001 | D:8      | Killed Prince Ribbit
 10433 | D:8      | Noticed a two-headed ogre
 10445 | D:8      | Killed a two-headed ogre
 10600 | D:8      | Noticed a two-headed ogre
 10608 | D:8      | Killed a two-headed ogre
 11244 | D:9      | Found a bloodstained altar of Trog.
 11524 | D:9      | Noticed Erica
 11542 | D:9      | Killed Erica
 11546 | D:9      | Reached skill level 1 in Fire Magic
 11546 | D:9      | Reached skill level 1 in Air Magic
 11569 | D:9      | Reached skill level 1 in Fighting
 11569 | D:9      | Reached XP level 11. HP: 28/70 MP: 15/27
 11852 | D:9      | Found a staircase to the Lair.
 12173 | D:9      | Found a staircase to the Orcish Mines.
 12288 | D:9      | Found a burning altar of Makhleb.
 12485 | D:10     | Entered Level 10 of the Dungeon
 12526 | D:10     | Noticed a two-headed ogre
 12532 | D:10     | Killed a two-headed ogre
 12687 | D:10     | Noticed a tengu warrior
 12693 | D:10     | Noticed a two-headed ogre
 12694 | D:10     | Identified the ring "Isiplaf" {Str+6 Slay+4}
 12694 | D:10     | Noticed Sonja
 12707 | D:10     | Killed a tengu warrior
 12728 | D:10     | Noticed a lindwurm
 12729 | D:10     | Noticed a shining eye
 12729 | D:10     | a lindwurm changed into a shining eye
 12730 | D:10     | Gained mutation: You are clumsy. (Dex -2) [a shining eye]
 12731 | D:10     | Noticed a two-headed ogre
 12731 | D:10     | a shining eye changed into a two-headed ogre
 12731 | D:10     | Noticed a glowing shapeshifter
 12731 | D:10     | a two-headed ogre changed into a glowing shapeshifter
 12732 | D:10     | Noticed a deep troll
 12732 | D:10     | a glowing shapeshifter changed into a deep troll
 12734 | D:10     | a deep troll changed into an eye of devastation
 12738 | D:10     | Killed a two-headed ogre
 12752 | D:10     | Killed Sonja
 12762 | D:10     | Reached skill level 5 in Conjurations
 13043 | D:10     | Noticed a two-headed ogre
 13048 | D:10     | Killed a two-headed ogre
 13049 | D:10     | Reached XP level 12. HP: 81/81 MP: 9/28
 13140 | D:10     | Noticed Grum
 13143 | D:10     | Killed Grum
 13161 | D:10     | Reached ****** piety under Cheibriados
 13417 | D:10     | Noticed a boulder beetle
 13437 | D:10     | Killed a boulder beetle
 13438 | D:10     | Reached skill level 5 in Fire Magic
 13438 | D:10     | Reached skill level 5 in Air Magic
 14255 | D:10     | Learned a level 7 spell: Dragon Form
 14388 | D:11     | Reached skill level 1 in Transmutations
 14790 | D:11     | Noticed Harold
 14804 | D:11     | Killed Harold
 14947 | D:11     | Found Vaapipsa's Distillery.
 14954 | D:11     | Bought a potion of curing for 36 gold pieces
 14954 | D:11     | Bought a potion of curing for 36 gold pieces
 14954 | D:11     | Bought a potion of curing for 36 gold pieces
 14954 | D:11     | Bought a potion of curing for 36 gold pieces
 15315 | D:12     | Noticed a five-headed hydra
 15320 | D:12     | Killed a five-headed hydra
 15321 | D:12     | Reached skill level 5 in Transmutations
 15522 | D:12     | Noticed a two-headed ogre
 15540 | D:12     | Killed a two-headed ogre
 15672 | D:12     | Found Wetocoh's Antique Armour Shop.
 15855 | D:13     | Noticed Jorgrun
 15961 | Lair:1   | Entered Level 1 of the Lair of Beasts
 15961 | Lair:1   | Noticed a six-headed hydra
 15970 | Lair:1   | Killed a six-headed hydra
 16193 | Lair:1   | Identified the +1 leather armour of the Red Skies {rF+}
 17542 | Lair:2   | Noticed a seven-headed hydra
 17547 | Lair:2   | Killed a seven-headed hydra
 18031 | Lair:2   | Gained mutation: Spells you cast may paralyse nearby
                  | enemies. [demonic ancestry]
 18031 | Lair:2   | Reached XP level 13. HP: 82/88 MP: 8/29
 18286 | Lair:3   | Found a frozen archway.
 18389 | IceCv    | Entered an ice cave
 18419 | IceCv    | Found a transporter.
 18891 | Lair:3   | Reached skill level 10 in Transmutations
 19686 | Lair:3   | Found a hole to the Spider Nest.
 19948 | Lair:4   | Found a staircase to the Swamp.
 20324 | Lair:4   | Reached skill level 1 in Unarmed Combat
 20873 | Lair:5   | Reached skill level 5 in Dodging
 21026 | Lair:5   | Gained mutation: Your magical and physical power is
                  | slightly enhanced at high health. [demonic ancestry]
 21026 | Lair:5   | Reached XP level 14. HP: 83/96 MP: 28/30
 21026 | Lair:5   | Identified the +12 plate armour of Ru's Grace {Will++}
 21041 | Lair:5   | Reached skill level 5 in Fighting
 21149 | Lair:5   | Found a runed translucent door.
 21152 | Lair:5   | Found a viscous altar of Jiyva.
 21159 | Lair:5   | Found a staircase to the Slime Pits.
 21803 | Lair:5   | You are sucked into a shaft and drop 1 floor!
 21803 | Lair:6   | Entered Level 6 of the Lair of Beasts
 22266 | Lair:6   | Identified the +7 flail "Giantslayer" {freeze, Str+5 Int+7}
 22269 | Lair:6   | Reached skill level 5 in Unarmed Combat
 22277 | Lair:6   | Paralysed by a hornet for 1 turns
 22620 | Lair:6   | Noticed Josephine
 22625 | Lair:6   | Killed Josephine
 23675 | Orc:1    | Entered Level 1 of the Orcish Mines
 23681 | Orc:1    | Noticed Snorg
 23688 | Orc:1    | Killed Snorg
 23925 | Orc:1    | Found Vigy's Magic Scroll Shop.
 23933 | Orc:1    | Bought a scroll of fear for 35 gold pieces
 23933 | Orc:1    | Bought a scroll of blinking for 75 gold pieces
 23933 | Orc:1    | Bought a scroll of fear for 35 gold pieces
 23935 | Orc:1    | Found Pootwix's Weapon Shoppe.
 24221 | Orc:1    | Found Qetel's Distillery.
 24239 | Orc:1    | Bought a potion of brilliance for 68 gold pieces
 24239 | Orc:1    | Bought 2 potions of curing for 102 gold pieces
 24239 | Orc:1    | Bought a potion of might for 68 gold pieces
 24380 | Orc:2    | Entered Level 2 of the Orcish Mines
 24407 | Orc:2    | Noticed Maurice
 24417 | Orc:1    | Killed Maurice
 24635 | Orc:2    | Found Natisod's Distillery.
 24782 | Orc:2    | Found a staircase to the Elven Halls.
 24821 | Orc:2    | Noticed an orc warlord
 24830 | Orc:2    | Killed an orc warlord
 24840 | Orc:2    | Reached XP level 15. HP: 50/110 MP: 26/31
 24924 | Orc:2    | Found Mobuacw's Antique Armour Shop.
 24950 | Orc:2    | Found Jikinguts's Magic Scroll Boutique.
 24963 | Orc:2    | Bought a scroll of acquirement for 676 gold pieces
 24963 | Orc:2    | Acquired the amulet "Yluoruqy" {RegenMP rN+ Int+5 Slay+3
                  | Stlth-}
 24978 | Orc:2    | Bought a scroll of teleportation for 39 gold pieces
 24978 | Orc:2    | Bought a scroll of teleportation for 39 gold pieces
 24978 | Orc:2    | Bought a scroll of teleportation for 39 gold pieces
 24992 | Orc:2    | Found an ancient bone altar of Kikubaaqudgha.
 24992 | Orc:2    | Noticed Nergalle
 24999 | Orc:2    | Killed Nergalle
 25022 | Orc:2    | Noticed Erolcha
 25033 | Orc:2    | Killed Erolcha
 25043 | Orc:2    | Found a radiant altar of Vehumet.
 25066 | Orc:2    | Found Xikhlerad's Antique Armour Shop.
 25084 | Orc:2    | Found Ciqauthru's Jewellery Boutique.
 25677 | D:13     | Identified the +2 scimitar of Hirahas {freeze, Will++}
 26037 | D:13     | Noticed Urug
 26040 | D:13     | Killed Urug
 26493 | D:14     | Found a runed translucent door.
 26511 | D:14     | Identified the +4 great sword of Doubt {pain, +Blink Will-
                  | Int+5}
 26514 | D:14     | Identified the ring of Ygroschie {AC+4 Int+4}
 26535 | D:14     | Found a gate to the Vaults.
 26897 | D:14     | Reached skill level 10 in Fighting
 26974 | D:14     | Noticed Agnes
 26978 | D:14     | Killed Agnes
 27167 | D:14     | Noticed Roxanne
 27179 | D:14     | Killed Roxanne
 27582 | D:14     | Cast into level 2 of the Abyss (a wizard)
 27872 | Abyss:3  | Noticed a juggernaut
 27882 | Abyss:3  | Killed a juggernaut
 27883 | Abyss:3  | Gained mutation: When seriously injured, your bleeding
                  | wounds create very thick armour. (AC +12) [demonic
                  | ancestry]
 27883 | Abyss:3  | Reached XP level 16. HP: 63/125 MP: 25/25
 27897 | Abyss:3  | Got an abyssal rune of Zot
 27902 | D:14     | Escaped the Abyss
 28044 | D:15     | Entered Level 15 of the Dungeon
 28053 | D:15     | Found a stormy altar of Qazlal.
 28306 | D:15     | Found a staircase to the Depths.
 28317 | D:15     | Reached skill level 10 in Unarmed Combat
 29056 | D:12     | Killed Jorgrun
 29149 | Spider:1 | Entered Level 1 of the Spider Nest
 29163 | Spider:1 | Slain by a wolf spider

Illustrated notes

Levels and vault maps discovered:
D:1:      heliophobic_arrival_glass_houses, layout_rooms
D:2:      layout_rooms, uniq_crazy_yiuf_cottage
D:3:      layout_basic, chequers_temple_overflow_statue_of_worship,
          yredelemnul_altar_generic, ebering_ecumenical_altar_hall,
          kennysheep_generic_room_8
D:4:      layout_basic, zin_scriptorium, portal_sewer_entry_d
D:5:      minmay_goblin_kobold_castle, layout_basic, marbit_many_paths
D:6:      layout_loops_ring, minmay_temple_entry_waves, uniq_pikel
D:7:      layout_rooms, vehumet_statue, led_sif_pool, grunt_decor_clamped
D:8:      layout_basic, hangedman_abyss_or_decor_stabs, serial_bayou_pond_b,
          uniq_prince_ribbit1
D:9:      cheibrodos_barr_body, layout_rooms, lemuel_doored_altar,
          lemuel_crystal_altar, david_lair_generic, uniq_erica
D:10:     nzn_winding_woodlands_cross [nzn_winding_woodlands_5x15_sidewinder,
          nzn_winding_woodlands_5x15_twine, nzn_winding_woodlands_5x15_default,
          nzn_winding_woodlands_5x15_parted,
          nzn_winding_woodlands_15x15_five_gardens], layout_loops_ring,
          uniq_grum, uniq_sonja
D:11:     layout_long_grid, serial_shops, shop, uniq_harold
D:12:     layout_rooms, serial_shops, shop
D:13:     layout_loops_ring, uniq_urug, uniq_jorgrun
D:14:     layout_cave_pods, lightli_vaults_fourway_checkpoint, minmay_st_funbox,
          uniq_agnes, uniq_roxanne
D:15:     grunt_enter_depths_giant_problem, layout_loops_ring,
          nicolae_qazlal_style_of_elements
Lair:1:   layout_cave_pods, gauntlet_entry_generic, amcnicky_mini_pool_medium
Lair:2:   layout_layer_cave, grunt_megastairs_3, infiniplex_staircase_pool
Lair:3:   beast_lair_carwin_large_2, layout_gridlike, dummy_spider_entry,
          portal_ice_cave_entry_ice_beasts, st_stairs_7
Lair:4:   layout_roguey, minmay_swamp_entry_worms, serial_rivers,
          chequers_serial_rivers_room_a, chequers_serial_rivers_micro_d,
          chequers_serial_rivers_room_b, chequers_serial_rivers_marsh,
          grunt_megastairs_1
Lair:5:   layout_layer_cave, slime_altar_2
Lair:6:   minmay_lair_end_enchanted_forest, layout_long_grid, serial_forest,
          infiniplex_forest_lined_3, infiniplex_forest_lined_room_3,
          infiniplex_forest_lined_1, infiniplex_forest_3_way,
          infiniplex_forest_lined_room_2, grunt_forest_large_clearings,
          minmay_lair_oklob_chamber, uniq_josephine
Spider:1: layout_spider_delve, ebering_ghost_reflecting_pool
Orc:1:    layout_caves, serial_shops, nicolae_shop_waterfront, shop, shop,
          minmay_orc_keep, uniq_snorg
Orc:2:    kennysheep_orc_mage_school, layout_diamond_mine, serial_shops,
          nicolae_shop_trees, uniq_maurice

Skill      XL: |  1  2  3  4  5  6  7  8  9 10 11 12 13 14 15 16 |
---------------+-------------------------------------------------+-----
Spellcasting   | 4 5 7 8 9 12 | 12.0
Shields        | 1 2 4 |  4.0
Invocations    | 1 3 8 9 11 12 | 12.0
Dodging        | 2 3 4 5 7 9 |  9.7
Fire Magic     | 1 4 5 |  5.3
Air Magic      | 1 4 5 |  5.3
Fighting       | 1 3 4 8 11 | 11.9
Conjurations   | 5 6 |  6.0
Transmutations | 8 12 | 12.0
Unarmed Combat | 2 6 9 10 | 10.4
Stealth        | |  1.7
Summonings     | |  1.0
Translocations | |  0.8

Action                   |  1- 3 |  4- 6 |  7- 9 | 10-12 | 13-15 | 16-18 || total
-------------------------+-------+-------+-------+-------+-------+-------++-------
Melee: Dagger            |    24 |       |       |       |       |       ||    24
       Spear             |     1 |     1 |       |       |       |       ||     2
       Short sword       |       |    66 |   246 |   365 |   108 |    12 ||   797
       Headbutt          |       |     6 |    60 |   133 |    49 |     4 ||   252
       Unarmed           |       |       |       |       |   472 |    61 ||   533
       Tailslap          |       |       |       |       |    89 |     9 ||    98
       Bite              |       |       |       |       |    60 |    12 ||    72
       Punch             |       |       |       |       |    11 |     2 ||    13
 Cast: Magic Dart        |   103 |   118 |   100 |   214 |    49 |       ||   584
       Call Imp          |    10 |    40 |    17 |     4 |       |       ||    71
       Blink             |       |     2 |     1 |     2 |       |       ||     5
       Mephitic Cloud    |       |       |     3 |    12 |       |       ||    15
       Conjure Flame     |       |       |     2 |     1 |       |       ||     3
       Apportation       |       |       |     1 |       |     1 |       ||     2
       Static Discharge  |       |       |    12 |    36 |    87 |     2 ||   137
       Animate Skeleton  |       |       |       |     5 |       |       ||     5
       Airstrike         |       |       |       |    17 |     4 |       ||    21
       Fireball          |       |       |       |    43 |    13 |       ||    56
       Dragon Form       |       |       |       |       |    64 |     7 ||    71
 Abil: Breathe Fire      |       |       |       |       |     1 |       ||     1
Evoke: Wand              |       |       |       |     6 |       |       ||     6
  Use: Scroll            |       |     9 |     9 |    12 |    10 |       ||    40
       Potion            |       |       |     6 |     2 |     5 |     1 ||    14
 Stab: Distracted        |       |     1 |       |     1 |     1 |       ||     3
       Confused          |       |       |     1 |    10 |       |       ||    11
       Sleeping          |       |       |     2 |       |     5 |       ||     7
       Paralysed         |       |       |     2 |    42 |    52 |     2 ||    98
       Invisible         |       |       |       |     2 |       |       ||     2
Armor: Robe              |    21 |    29 |    80 |    59 |       |       ||   189
       Skin              |       |       |     1 |       |   524 |    84 ||   609
       Troll leather arm |       |       |       |    56 |    46 |     1 ||   103
Dodge: Dodged            |    48 |    74 |   122 |   277 |   564 |   102 ||  1187
Block: Buckler           |     2 |    56 |   111 |   212 |    90 |    19 ||   490

Table legend: (Time is in decaauts)
 A = Elapsed time spent in this place.
 B = Non-inter-level travel time spent in this place.
 C = Inter-level travel time spent in this place.
 D = Time resting spent in this place.
 E = Time spent auto-exploring this place.
 F = Levels seen in this place.
 G = Mean time per level.
                   A        B        C        D        E       F      G
               +--------+--------+--------+--------+--------+-----+--------+
         Total |  42125 |  40398 |   1727 |   1635 |  31933 |  27 | 1560.2 |
       Dungeon |  26059 |  24865 |   1194 |   1308 |  19753 |  15 | 1737.3 |
          Lair |  12256 |  11970 |    286 |    156 |  10135 |   6 | 2042.7 |
   Spider Nest |     17 |     17 |      0 |      0 |      0 |   1 |   17.0 |
  Orcish Mines |   3124 |   2879 |    245 |     47 |   2044 |   2 | 1562.0 |
         Abyss |    518 |    518 |      0 |     56 |      0 |   2 |  259.0 |
      Ice Cave |    149 |    149 |      0 |     68 |      0 |   1 |  149.0 |
               +--------+--------+--------+--------+--------+-----+--------+

Top non-repeatable levels by time:
    D:10: 2862 daAuts
     D:5: 2842 daAuts
  Lair:6: 2268 daAuts
  Lair:3: 2233 daAuts
  Lair:5: 2163 daAuts
    D:14: 2144 daAuts
     D:8: 2045 daAuts
  Lair:1: 1913 daAuts
   Orc:2: 1899 daAuts
     D:9: 1890 daAuts
  Lair:4: 1868 daAuts
  Lair:2: 1807 daAuts
     D:6: 1730 daAuts
     D:7: 1678 daAuts
    D:15: 1619 daAuts
